 Dungeon Crawl Stone Soup version 0.28.0-47-ge53b351184 (webtiles) character file.

Game seed: 5054655407500355297

1071 issech the Slasher (level 8, 0/78 HPs)
             Began as a Troll Monk on May 11, 2022.
             Killed from afar by a steam dragon (22 damage)
             ... with a ball of steam
             ... on level 5 of the Dungeon.
             The game lasted 00:10:28 (2932 turns).

issech the Slasher (Troll Monk)                     Turns: 2932, Time: 00:10:29

Health: 0/78       AC:  5    Str: 20    XL:     8   Next: 7%
Magic:  7/7        EV: 11    Int:  6    God:
Gold:   165        SH:  5    Dex: 14    Spells: 7/7 levels left

rFire   . . .      SeeInvis .   m - +2 falchion (elec)
rCold   . . .      Faith    .   (no shield)
rNeg    . . .      Spirit   .   b - +0 robe
rPois   .          Reflect  +   (helmet restricted)
rElec   .          Harm     .   l - +0 cloak
rCorr   .          Rampage  .   (gloves unavailable)
Will    .....                   (boots unavailable)
Stlth   ++........              h - amulet of reflection
HPRegen 1.03/turn               f - ring of ice
MPRegen 0.10/turn               F - ring of fire

@: no status effects
A: large, unfitting armour, claws 3, regeneration 1, shaggy fur 1, tough skin 1
a: no special abilities


You were on level 5 of the Dungeon.
You visited 1 branch of the dungeon, and saw 5 of its levels.

You collected 165 gold pieces.

Inventory:

Hand Weapons
 a - a +0 mace
 m - a +2 falchion of electrocution (weapon)
 p - a +0 giant spiked club
 q - a +0 flail
 z - a +0 hand crossbow
 B - a +0 battleaxe
Missiles
 c - 66 stones (quivered)
 i - 9 sling bullets
 j - 60 arrows
 k - 6 datura-tipped darts
 u - 6 poisoned darts
 y - 16 bolts
Armour
 b - a +0 robe (worn)
 l - a +0 cloak (worn)
 A - an orb of energy
Magical Staves
 v - a staff of cold
Jewellery
 f - a ring of ice (left claw)
 h - an amulet of reflection (around neck)
 F - a ring of fire (right claw)
Scrolls
 d - 4 scrolls of identify
 e - a scroll of enchant armour
 g - 2 scrolls of holy word
 s - 2 scrolls of teleportation {unknown}
 t - a scroll of brand weapon {unknown}
 G - a scroll of magic mapping {unknown}
Potions
 n - a potion of might {unknown}
 o - a potion of attraction {unknown}
 r - a potion of ambrosia {unknown}
 w - a potion of cancellation {unknown}
 x - a potion of berserk rage {unknown}
 C - a potion of brilliance {unknown}
 D - a potion of flight {unknown}
 E - a potion of magic {unknown}


   Skills:
 + Level 3.8 Fighting
 + Level 4.2 Long Blades
 + Level 4.0 Maces & Flails
 + Level 1.1 Throwing
 + Level 4.1 Dodging
 + Level 2.0 Stealth
 + Level 2.0 Shields


You had 7 spell levels left.
You didn't know any spells.
Your spell library contained the following spells:

 Spells                   Type           Power      Damage    Failure   Level
 Animate Skeleton         Necr           0%         N/A       45%         1
 Pain                     Necr           0%         1d4       45%         1
 Vampiric Draining        Necr           0%         2d6       83%         3
 Alistair's Intoxication  Tmut/Pois      0%         N/A       100%        5
 Borgnjor's Vile Clutch   Necr/Erth      0%         N/A       100%        5
 Eringya's Noxious Bog    Tmut/Pois      0%         N/A       100%        6


Dungeon Overview and Level Annotations

Branches:
Dungeon (5/15)
 Temple: D:4-7

Altars:
Uskayaw


Innate Abilities, Weirdness & Mutations

You are too large for most types of armour.
You have claws for hands.
Your natural rate of healing is unusually fast.
You are covered in fur. (AC +1)
You have tough skin. (AC +1)


Message History

You closely miss the steam dragon.
You are engulfed in a cloud of scalding steam.
The steam dragon breathes steam at you. The ball of steam hits you!
You closely miss the steam dragon.
You are engulfed in a cloud of scalding steam.
The steam dragon closely misses you. The steam dragon barely misses you.
You hit the steam dragon.
The steam dragon is lightly wounded.
You are engulfed in a cloud of scalding steam.
The steam dragon misses you.
The steam dragon claws you but does no damage.
You slash the steam dragon!
The steam dragon is heavily wounded.
You are engulfed in a cloud of scalding steam.
The steam dragon barely misses you. The steam dragon claws you.
The steam dragon bites you but does no damage.
The steam dragon claws you but does no damage.
The steam dragon bites you. The steam dragon claws you.
The steam dragon barely misses you.
The steam dragon claws you but does no damage.
You hit the steam dragon but do no damage.
The steam dragon is heavily wounded.
The steam dragon barely misses you. The steam dragon claws you.
You closely miss the steam dragon.
The steam dragon is heavily wounded.
The steam dragon breathes steam at you. The ball of steam misses you.
You closely miss the steam dragon.
The steam dragon is heavily wounded.
You are engulfed in a cloud of scalding steam.
The steam dragon bites you.
The steam dragon claws you but does no damage.
You barely miss the steam dragon.
The steam dragon is heavily wounded.
You are engulfed in a cloud of scalding steam.
* * * LOW HITPOINT WARNING * * *
The steam dragon breathes steam at you. The ball of steam hits you!!
You die...

##....## ###
#......# .[#
#......# ..# .#
#......# ..##.#
#...<..# ..##.#
#.####.....# ..##.#
#.##.'.....# .....#
#.##.#..D.## .##..#
#.##.#..@.# .##..#
#.##.#.§§.#
.....####.##.#..§.#
..#.......##.#.§..#
.............######
.......#######
.#.###.#
.#............
.####.########


You could see a steam dragon (catching breath).

Vanquished Creatures
  The ghost of seaoflcl the Skirmisher, an amateur HuFi of Zin (D:4)
  Menkaure (D:4)
  An ice beast (D:4)
  A sky beast (D:3)
  A centaur (D:4)
  An ogre (D:3)
  A centaur zombie (D:5)
  A water moccasin simulacrum (D:4)
  A jelly (D:4)
  A gnoll shaman (D:4)
  An iguana (D:4)
  A hound zombie (D:3)
  A scorpion simulacrum (D:4)
  A howler monkey zombie (D:5)
  10 gnolls
  3 adders (D:2)
  3 worms
  3 dart slugs
  An adder simulacrum (D:4)
  5 orcs
  3 bats
  9 endoplasms
  4 giant cockroaches
  4 goblins
  10 hobgoblins
  2 jackals (D:3)
  8 kobolds
  5 quokkas
  5 ball pythons
  5 frilled lizards
  9 rats
103 creatures vanquished.

Notes
Turn   | Place    | Note
-------+----------+-------------------------------------------
     0 | D:1      | issech the Troll Monk began the quest for the Orb.
     0 | D:1      | Reached XP level 1. HP: 22/22 MP: 0/0
    62 | D:1      | Reached XP level 2. HP: 29/29 MP: 1/1
   371 | D:1      | Found a faded altar of an unknown god.
   462 | D:1      | Reached XP level 3. HP: 36/36 MP: 2/2
   918 | D:2      | Reached XP level 4. HP: 44/44 MP: 3/3
  1255 | D:3      | Noticed a sky beast
  1269 | D:3      | Killed a sky beast
  1270 | D:3      | Reached XP level 5. HP: 49/53 MP: 4/4
  1458 | D:3      | Noticed an ogre
  1465 | D:3      | Killed an ogre
  1466 | D:3      | Reached skill level 1 in Long Blades
  1466 | D:3      | Reached skill level 1 in Throwing
  1466 | D:3      | Reached skill level 1 in Shields
  1466 | D:3      | Reached XP level 6. HP: 61/61 MP: 5/5
  1622 | D:3      | Found a hide-covered altar of Uskayaw.
  2133 | D:4      | Reached XP level 7. HP: 60/67 MP: 6/6
  2385 | D:4      | Noticed seaoflcl's ghost (amateur HuFi)
  2429 | D:4      | Noticed Menkaure
  2446 | D:4      | Killed Menkaure
  2456 | D:4      | Found a runed translucent gate.
  2456 | D:4      | Found a runed translucent gate.
  2456 | D:4      | Found a runed translucent gate.
  2646 | D:4      | Killed seaoflcl's ghost
  2770 | D:4      | Reached XP level 8. HP: 70/78 MP: 7/7
  2855 | D:5      | Entered Level 5 of the Dungeon
  2932 | D:5      | Killed from afar by a steam dragon

Illustrated notes

Levels and vault maps discovered:
D:1:      dpeg_arrival_solitude, layout_loops_ring,
          ebering_ecumenical_altar_sacrificial
D:2:      layout_rooms
D:3:      layout_rooms, mainiacjoe_overflow_alcove_4, serial_park_tiny_1,
          kennysheep_generic_room_15
D:4:      layout_loops_ring, gammafunk_ghost_icy, grunt_ministairs_6,
          uniq_menkaure
D:5:      layout_basic, minmay_temple_entry_junction,
          minmay_guarded_unrand_staff_of_olgreb

Skill      XL: |  1  2  3  4  5  6  7 |
---------------+----------------------+-----
Maces & Flails | 3 4 |  4.0
Dodging        | 3 4 |  4.1
Fighting       | 3 |  3.8
Long Blades    | 1 2 4 |  4.2
Throwing       | 1 |  1.1
Shields        | 1 2 |  2.0
Stealth        | 2 |  2.0

Action                   |  1- 3 |  4- 6 |  7- 9 || total
-------------------------+-------+-------+-------++-------
Melee: Mace              |   128 |    20 |       ||   148
       Punch             |     1 |     1 |     3 ||     5
       Falchion          |       |    97 |    73 ||   170
Throw: Stone             |     9 |    25 |     4 ||    38
  Use: Scroll            |       |     2 |       ||     2
 Stab: Sleeping          |     3 |     4 |       ||     7
Armor: Robe              |    52 |    29 |    20 ||   101
Dodge: Dodged            |    74 |    66 |    30 ||   170
Block: Other             |    16 |    31 |    14 ||    61
       Reflection        |       |       |     1 ||     1
